 Dungeon Crawl Stone Soup version 0.32-a0-571-gec57dfcd37 (webtiles) character file.

Game seed: 5671961666521489369

574 hikkokomori the Trooper (level 7, -7/63 HPs)
             Began as a Mountain Dwarf Artificer on Mar 1, 2024.
             Mangled by Prince Ribbit (9 damage)
             ... on level 5 of the Dungeon.
             The game lasted 00:16:40 (4432 turns).

hikkokomori the Trooper (Mountain Dwarf Artificer)  Turns: 4432, Time: 00:16:40

Health: -7/63      AC: 12    Str: 11 (14) XL:     7   Next: 12%
Magic:  7/7        EV:  6    Int: 12 (14) God:
Gold:   192        SH:  0    Dex:  9 (10) Spells: 3/6 levels left

rFire   + . .        m - +0 quarterstaff
rCold   + . .        (shield currently unavailable)
rNeg    . . .        j - +0 chain mail
rPois   .            (no helmet)
rElec   .            o - +2 cloak
rCorr   .            (no gloves)
SInv    .            (no boots)
Will    .....        (no amulet) Stlth
                     f - ring of protection from cold
HPRegen 0.30/turn    k - ring of protection from fire
MPRegen 0.10/turn

%: no passive effects
@: no status effects
A: runic magic, artefact enchanting
a: no special abilities


You were on level 5 of the Dungeon.
You visited 1 branch of the dungeon, and saw 5 of its levels.
You also visited: Sewer.

You collected 192 gold pieces.

Inventory:

Hand Weapons
 a - a +0 club
 m - a +0 quarterstaff (weapon)
 p - a +0 short sword
 q - a +1 flail
Armour
 b - a +0 leather armour
 j - a +0 chain mail (worn)
 o - a +2 cloak (worn)
Magical Staves
 l - a staff of alchemy
Jewellery
 f - a ring of protection from cold (left hand)
 k - a ring of protection from fire (right hand)
Wands
 c - a wand of flame (8) (quivered)
 d - a wand of charming (22)
 e - a wand of iceblast (3)
Scrolls
 g - a scroll of enchant weapon
 s - a scroll of enchant armour {unknown}
Potions
 h - a potion of degeneration
 i - 4 potions of curing
 n - a potion of resistance
 r - a potion of attraction {unknown}
 t - a potion of brilliance {unknown}


   Skills:
 - Level 6.0 Fighting
 - Level 3.0 Armour
 - Level 1.0 Dodging
 - Level 1.0 Stealth
 + Level 2.8 Fire Magic
 + Level 5.4 Evocations


You had 3 spell levels left.
You knew the following spells:

 Your Spells              Type           Power      Damage    Failure   Level
a - Volatile Blastmotes   Fire/Tloc      6%         2d10      78%         3

Your spell library contained the following spells:

 Spells                   Type           Power      Damage    Failure   Level
 Dazzling Flash           Conj/Hex       0%         N/A       92%         3
 Gell's Gravitas          Tloc           0%         N/A       92%         3
 Teleport Other           Tloc           0%         N/A       92%         3
 Dispersal                Tloc           0%         N/A       100%        6
 Starburst                Conj/Fire      1%         6d3       100%        6
 Maxwell's Capacitive Co  Air            0%         ∞         100%        8


Dungeon Overview and Level Annotations

Branches:
Dungeon (5/15)              Sewer (visited)
 Temple: D:4-7

Altars:
Dithmenos

Shops:
D:2 =   D:3 [

Annotations:
D:4 Grinder
D:5 Prince Ribbit


Innate Abilities, Weirdness & Mutations

Your spellcasting is much less encumbered by armour.
You can use scrolls of enchantment on lesser artefacts.


Message History

You are too injured to fight recklessly!
You are too injured to fight recklessly!
You are too injured to fight recklessly!
You are too injured to fight recklessly!
You are too injured to fight recklessly!
You are too injured to fight recklessly!
You are too injured to fight recklessly!
You are too injured to fight recklessly!
You are too injured to fight recklessly!
You are too injured to fight recklessly!
You are too injured to fight recklessly!
You are too injured to fight recklessly!
You are too injured to fight recklessly!
You miss Prince Ribbit. Prince Ribbit hits you!
Prince Ribbit closely misses you.
You miss Prince Ribbit. Prince Ribbit hits you! x2
* * * LOW HITPOINT WARNING * * *
You closely miss Prince Ribbit. Prince Ribbit barely misses you.
Prince Ribbit croaks regally.
Prince Ribbit blinks!
Prince Ribbit blinks!
Prince Ribbit hits you.
* * * LOW HITPOINT WARNING * * *
It was a potion of degeneration.
There was something very wrong with that liquid.
You feel weakened.
You feel dopey.
You feel clumsy. Prince Ribbit barely misses you.
Prince Ribbit hits you but does no damage.
You hit Prince Ribbit.
Prince Ribbit is lightly wounded.
Prince Ribbit blinks!
You closely miss Prince Ribbit.
Prince Ribbit is lightly wounded.
Prince Ribbit hits you!
* * * LOW HITPOINT WARNING * * *
Prince Ribbit hits you but does no damage.
You closely miss Prince Ribbit.
Prince Ribbit is lightly wounded.
Prince Ribbit hits you!
You die...

..... ##...###... .......
#...# ##.. ...##.. #
#...####.. ..
#..#####......... .#
#..##..####.....
.###......# ..... #
#....###.## #..#. .#
#...# #.# #..#. #. #@#
#.### #.... #.### ##F#
#...####.... #...###..###
#......)....
#....#.....##...####)....
####......##......##
#.....
#..........####...#
#.#....
###.......###....#
#...... #........#.....#
#.#.... ##..###..........
#(#....


You could see Prince Ribbit.

Vanquished Creatures
  A bullfrog (Sewer)
  A scorpion (D:5)
  2 hounds (D:4)
  An orc priest (D:5)
  A sleepcap (D:5)
  Ijyb (D:3)
  3 orc wizards (D:5)
  4 adders
  9 dart slugs
  3 ribbon worms
  11 orcs
  22 ball pythons
  4 bats
  12 endoplasms
  11 giant cockroaches
  7 goblins
  2 hobgoblins
  7 jackals
  2 quokkas (D:5)
  10 frilled lizards
  3 kobolds
  4 rats
121 creatures vanquished.

Vanquished Creatures (collateral kills)
  A howler monkey (D:4)
  A ball python (D:3)
  A kobold (D:4)
3 creatures vanquished.

Grand Total: 124 creatures vanquished

Notes
Turn   | Place    | Note
-------+----------+-------------------------------------------
     0 | D:1      | hikkokomori the Mountain Dwarf Artificer began the quest
                  | for the Orb.
     0 | D:1      | Reached XP level 1. HP: 16/16 MP: 1/1
   155 | D:1      | Reached XP level 2. HP: 22/23 MP: 2/2
   181 | D:1      | Reached skill level 1 in Stealth
   219 | D:1      | Reached skill level 1 in Dodging
   602 | D:1      | Reached XP level 3. HP: 27/29 MP: 3/3
   810 | D:2      | Reached skill level 2 in Fighting
   874 | D:2      | Found Rioci's Jewellery Shoppe.
   999 | D:2      | HP: 1/29 [ribbon worm (2)]
  1589 | D:2      | Found a faded altar of an unknown god.
  1986 | D:3      | Found a shadowy altar of Dithmenos.
  2153 | D:3      | Reached XP level 4. HP: 27/37 MP: 4/4
  2537 | D:3      | Noticed Ijyb
  2593 | D:3      | Killed Ijyb
  2594 | D:3      | Reached skill level 3 in Fighting
  2627 | D:3      | Found Fetruec's Antique Armour Boutique.
  2886 | D:4      | Noticed Grinder
  2940 | D:4      | Reached skill level 4 in Fighting
  2940 | D:4      | Reached XP level 5. HP: 30/46 MP: 5/5
  3206 | D:4      | Reached skill level 5 in Fighting
  3270 | D:4      | Found a glowing drain.
  3282 | Sewer    | Entered a sewer
  3535 | Sewer    | Reached XP level 6. HP: 55/56 MP: 6/6
  3888 | D:5      | Entered Level 5 of the Dungeon
  3930 | D:5      | Learned a level 3 spell: Volatile Blastmotes
  3994 | D:5      | Reached skill level 1 in Fire Magic
  4140 | D:5      | Reached skill level 6 in Fighting
  4140 | D:5      | Reached skill level 5 in Evocations
  4158 | D:5      | Reached XP level 7. HP: 32/63 MP: 7/7
  4412 | D:5      | Noticed Prince Ribbit
  4430 | D:5      | HP: 2/63 [Prince Ribbit (11)]
  4432 | D:5      | Mangled by Prince Ribbit

Illustrated notes

Levels and vault maps discovered:
D:1:      eino_arrival_druids_welcome, layout_rooms
D:2:      layout_basic, serial_shops, shop, dilly_ecumenical_altar_fadedgnrine,
          nicolae_wormholes
D:3:      layout_basic, nicolae_dithmenos_the_darkroom, serial_shops, shop,
          uniq_ijyb
D:4:      layout_loops_corners, cheibrodos_sewer_entry_drain,
          nicolae_eternal_life, uniq_grinder
D:5:      layout_layer_cave, okawaru_altar_gauntlet_db, uniq_prince_ribbit1,
          uniq_pikel, uniq_duvessa

Skill      XL: |  1  2  3  4  5  6 |
---------------+-------------------+-----
Stealth        | 1 |  1.0
Dodging        | 1 |  1.0
Fighting       | 2 4 5 6 |  6.0
Armour         | 3 |  3.0
Evocations     | 4 5 |  5.4
Fire Magic     | 2 |  2.8

Action                     |  1- 3 |  4- 6 |  7- 9 || total
---------------------------+-------+-------+-------++-------
  Melee: Club              |   284 |       |       ||   284
         Short sword       |    24 |       |       ||    24
         Flail             |       |    22 |       ||    22
         Quarterstaff      |       |   246 |    33 ||   279
  Evoke: Wand              |     7 |     7 |       ||    14
    Use: Scroll            |     2 |     5 |       ||     7
         Potion            |       |       |     1 ||     1
 Armour: Leather armour    |    90 |       |       ||    90
         Chain mail        |   197 |   400 |    47 ||   644
  Dodge: Dodged            |   163 |   158 |     7 ||   328

Table legend: (Time is in decaauts)
 A = Elapsed time spent in this place.
 B = Non-inter-level travel time spent in this place.
 C = Inter-level travel time spent in this place.
 D = Time resting spent in this place.
 E = Time spent auto-exploring this place.
 F = Levels seen in this place.
 G = Mean time per level.
                   A        B        C        D        E       F      G
               +--------+--------+--------+--------+--------+-----+--------+
         Total |   4718 |   4559 |    159 |     94 |   2985 |   6 |  786.3 |
       Dungeon |   3971 |   3812 |    159 |     94 |   2578 |   5 |  794.2 |
         Sewer |    747 |    747 |      0 |      0 |    407 |   1 |  747.0 |
               +--------+--------+--------+--------+--------+-----+--------+

Top non-repeatable levels by time:
     D:2: 1212 daAuts
     D:1: 883 daAuts
     D:3: 857 daAuts
   Sewer: 747 daAuts
     D:5: 572 daAuts
     D:4: 445 daAuts
